 Dungeon Crawl Stone Soup version 0.30.1-8-g117510f58f (webtiles) character file.

Game seed: 13120637935952324828

942 Peloso the Slasher (level 7, -9/61 HPs)
             Began as a Minotaur Fighter on Sept 22, 2023.
             Mangled by a komodo dragon (17 damage)
             ... on level 5 of the Dungeon.
             The game lasted 00:05:56 (3762 turns).

Peloso the Slasher (Minotaur Fighter)               Turns: 3762, Time: 00:05:57

Health: -9/61      AC: 16    Str: 20    XL:     7   Next: 88%
Magic:  6/6        EV: 12    Int:  2    God:
Gold:   189        SH:  6    Dex: 22    Spells: 6/6 levels left

rFire   . . .        a - +0 long sword
rCold   + . .        d - +0 buckler
rNeg    . . .        c - +10 ring mail of Meager Fun {Rampage rElec Int-3 Dex+10}
rPois   .            (helmet restricted)
rElec   +            (no cloak)
rCorr   .            (no gloves)
SInv    .            (no boots)
Will    .....        (no amulet)
Stlth   ++           p - ring of protection from cold
HPRegen 0.30/turn    (no ring)
MPRegen 0.10/turn

%: rampage
@: hasted, very quick
A: horns 2, retaliatory headbutt
a: no special abilities


You were on level 5 of the Dungeon.
You visited 1 branch of the dungeon, and saw 5 of its levels.

You collected 189 gold pieces.

Inventory:

Hand Weapons
 a - a +0 long sword (weapon)
Armour
 b - a +0 scale mail
 c - the +10 ring mail of Meager Fun (worn) {Rampage rElec Int-3 Dex+10}
   (You found it on level 3 of the Dungeon)

   Int:       It affects your intelligence (-3).
   Dex:       It affects your dexterity (+10).
   rElec:     It insulates you from electricity.
   Rampage:   It bestows one free step when moving towards enemies.
 d - a +0 buckler (worn)
Jewellery
 p - a ring of protection from cold (left hand)
Wands
 g - a wand of iceblast (19)
Scrolls
 e - 2 scrolls of brand weapon {unknown}
 f - a scroll of poison {unknown}
 h - 3 scrolls of identify {unknown}
 i - 2 scrolls of noise {unknown}
 j - 2 scrolls of immolation {unknown}
 k - 2 scrolls of enchant weapon {unknown}
 l - a scroll of fear {unknown}
 o - a scroll of silence {unknown}
 q - a scroll of vulnerability {unknown}
 s - a scroll of teleportation {unknown}
 u - a scroll of summoning
Potions
 m - 2 potions of brilliance
 n - a potion of haste
 r - 2 potions of might
 t - a potion of degeneration {unknown}


   Skills:
 + Level 5.4 Fighting
 + Level 6.7 Long Blades
 + Level 5.9 Armour
 + Level 3.2 Dodging
 + Level 1.1 Stealth
 + Level 5.8 Shields


You had 6 spell levels left.
You didn't know any spells.
Your spell library contained the following spells:

 Spells                   Type           Power      Damage    Failure   Level
 Beastly Appendage        Tmut           0%         N/A       77%         1
 Wereblood                Tmut           0%         N/A       88%         2
 Spider Form              Tmut/Pois      0%         N/A       98%         3


Dungeon Overview and Level Annotations

Branches:
Dungeon (5/15)
 Temple: D:4-7

Altars:
Ashenzari
The Shining One


Innate Abilities, Weirdness & Mutations

You have a pair of horns on your head.
You reflexively headbutt those who attack you in melee.


Message History

An orc comes into view. It is wielding a +0 falchion.
You rampage towards the orc!
An orc comes into view. It is wielding a +0 hand axe.
The orc shouts!
The orc shouts!
You hit the orc but do no damage. You headbutt the orc.
You kill the orc!
The komodo dragon bites you!
Things that are here:
a +0 hand axe; a +0 ring mail You hit the komodo dragon but do no damage.
The komodo dragon bites you but does no damage.
The orc hits you with a +0 club.
You barely miss the komodo dragon. You headbutt the komodo dragon.
The komodo dragon is lightly wounded.
The komodo dragon bites you! You block the orc's attack.
The orc hits you but does no damage.
You closely miss the komodo dragon.
The komodo dragon is lightly wounded.
The komodo dragon bites you but does no damage.
The orc barely misses you. x2; You furiously retaliate!
You headbutt the orc!
You kill the orc!
You block the orc's attack.
You completely miss the komodo dragon.
You headbutt the komodo dragon, but do no damage.
The komodo dragon is lightly wounded.
The komodo dragon bites you. The orc hits you with a +0 club.
You block the orc's attack.
You slash the komodo dragon! You headbutt the komodo dragon!
The komodo dragon is heavily wounded.
The komodo dragon bites you!!
* * * LOW HITPOINT WARNING * * *
The orc hits you but does no damage.
A jelly comes into view.
The orc closely misses you.
The komodo dragon bites you but does no damage.
It was a potion of haste.
You feel yourself speed up. The orc closely misses you.
You block the orc's attack. The komodo dragon bites you!
You die...

.............#
..............#
...............#
................##
.................J.
.....................
.................)......
...............l@o......
.................o......
.................:......
........................
........................
........................
........................
........................
.......................


You could see a komodo dragon, a jelly (wandering) and 2 orcs.

Vanquished Creatures
  Sigmund (D:4)
  An ice beast (D:4)
  An ogre (D:4)
  A gnoll sergeant (D:5)
  3 scorpions (D:4)
  A hound (D:4)
  A sleepcap (D:5)
  Jessica (D:3)
  An orc wizard (D:3)
  2 iguanas (D:5)
  9 adders
  A gnoll (D:1)
  A white imp (D:5)
  An ufetubus (D:4)
  A worm (D:4)
  2 dart slugs
  7 orcs
  9 endoplasms
  14 goblins
  6 hobgoblins
  4 jackals
  12 kobolds
  6 quokkas
  4 ball pythons
  4 bats
  4 frilled lizards
  9 rats
107 creatures vanquished.

Notes
Turn   | Place    | Note
-------+----------+-------------------------------------------
     0 | D:1      | Peloso the Minotaur Fighter began the quest for the Orb.
     0 | D:1      | Reached XP level 1. HP: 19/19 MP: 0/0
    97 | D:1      | Reached XP level 2. HP: 27/27 MP: 1/1
   268 | D:1      | Reached skill level 3 in Long Blades
   721 | D:1      | Reached XP level 3. HP: 26/33 MP: 2/2
  1281 | D:2      | Reached XP level 4. HP: 13/40 MP: 3/3
  1991 | D:3      | Noticed Jessica
  2005 | D:3      | Killed Jessica
  2119 | D:3      | Identified the +10 ring mail of Meager Fun {Rampage rElec
                  | Int-3 Dex+10}
  2330 | D:3      | Reached XP level 5. HP: 46/46 MP: 4/4
  2333 | D:3      | Reached skill level 1 in Dodging
  2836 | D:3      | Found a broken altar of Ashenzari.
  2852 | D:3      | Found a glowing golden altar of the Shining One.
  2922 | D:4      | Reached skill level 4 in Long Blades
  2922 | D:4      | Reached skill level 5 in Armour
  2922 | D:4      | Reached skill level 5 in Shields
  3114 | D:4      | Reached XP level 6. HP: 53/53 MP: 5/5
  3246 | D:4      | Noticed Sigmund
  3251 | D:4      | Killed Sigmund
  3252 | D:4      | Reached skill level 5 in Long Blades
  3453 | D:5      | Entered Level 5 of the Dungeon
  3467 | D:5      | Reached skill level 1 in Stealth
  3467 | D:5      | Noticed an ice beast
  3479 | D:5      | Reached XP level 7. HP: 33/60 MP: 6/6
  3601 | D:4      | Reached skill level 6 in Long Blades
  3622 | D:4      | Reached skill level 5 in Fighting
  3753 | D:5      | Noticed a komodo dragon
  3762 | D:5      | Mangled by a komodo dragon

Illustrated notes

Levels and vault maps discovered:
D:1:      dpeg_chamrin_arrival_tetris, layout_rooms, serial_co_window_serial,
          co_window_of_opportunity_a, co_window_paths_b, co_window_paths_b,
          co_window_paths_b, co_window_paths_b, co_window_broadway_b,
          co_window_corner_b, co_window_cross_2, co_window_corner_cb,
          co_window_of_opportunity_b, co_window_unsneaky_path_b,
          co_window_paths_d, co_window_paths_e, glass_columns_a,
          glass_columns_a, glass_columns_b, glass_columns_a
D:2:      layout_basic, serial_aquarium, aquarium_bridge_square
          [aquarium_subvault_balcony, aquarium_subvault_window,
          aquarium_subvault_bridge, aquarium_subvault_bridge],
          aquarium_window_1, aquarium_window_1, aquarium_window_fake,
          aquarium_window_1, aquarium_view_2e, aquarium_balcony_5a,
          minmay_fractal_squares_5
D:3:      layout_basic, mainiacjoe_overflow_swirl, uniq_jessica
D:4:      layout_loops_ring, uniq_sigmund
D:5:      layout_layer_cave, nicolae_overflow_hidden_temple, serial_shops,
          nicolae_shop_tiny_statue_garden, minmay_fractal_squares_diagonal_5

Skill      XL: |  1  2  3  4  5  6  7 |
---------------+----------------------+-----
Fighting       | 4 5 |  5.4
Long Blades    | 3 4 5 6 |  6.7
Armour         | 4 5 |  5.9
Shields        | 4 5 |  5.8
Dodging        | 1 3 |  3.2
Stealth        | 1 |  1.1

Action                     |  1- 3 |  4- 6 |  7- 9 || total
---------------------------+-------+-------+-------++-------
  Melee: Long sword        |   101 |    83 |    64 ||   248
         Headbutt          |    13 |    18 |    13 ||    44
    Use: Potion            |     3 |       |     1 ||     4
         Scroll            |     1 |       |       ||     1
   Stab: Sleeping          |       |     1 |       ||     1
 Armour: Scale mail        |    56 |    13 |       ||    69
         Ring mail         |       |    37 |    29 ||    66
  Dodge: Dodged            |    57 |    64 |    39 ||   160
  Block: Buckler           |    40 |    31 |    33 ||   104
